Map: Ever Dream LE

Players

RyuKey

  • Race: Terran Terran
  • League: Diamond
  • Spawn Location: 7:00

JamZ - Winner!

  • Race: Protoss Protoss
  • League: Diamond
  • Spawn Location: 1:00

VOD

Have the link to the VOD?

Description

Time

  • Played on: June 21, 2020, 10:40 a.m.
  • Length: 16:31
Show
View Real Time Build Order
Export as new Build Order

RyuKey Terran 

Build Orders: Reaper Expand 

Get SALT Encoding   

  12  0:00  SCV  
  13  0:12  SCV  
  14  0:17  Supply Depot  
  14  0:25  SCV  
  15  0:38  SCV  
  15  0:40  Barracks  
  16  0:50  SCV  
  16  0:56  Refinery  
  17  1:02  SCV  
  18  1:14  SCV  
  19  1:35  Orbital Command  
  19  1:39  Reaper  
  20  1:41  Command Center  
  20  1:58  Supply Depot  
  20  2:01  SCV  
  21  2:12  Barracks Reactor  
  21  2:15  SCV  
  22  2:21  Refinery  
  22  2:27  SCV, Bunker  
  23  2:34  Factory  
  23  2:39  SCV  
  24  2:52  Orbital Command  
  24  2:54  SCV  
  24  2:57  Marine x2  
  27  3:07  SCV  
  27  3:15  Marine x2, Barracks  
  27  3:16  Barracks  
  27  3:19  SCV  
  30  3:23  Starport  
  30  3:25  Factory Tech Lab  
  30  3:30  SCV  
  30  3:32  SCV  
  32  3:38  Marine  
  32  3:39  Marine  
  34  3:42  SCV  
  34  3:44  SCV  
  36  3:54  SCV  
  37  3:56  Factory Tech Lab  
  37  3:57  SCV  
  37  3:58  Engineering Bay  
  38  4:03  Barracks Tech Lab x2  
  38  4:05  Marine x2  
  38  4:06  SCV  
  41  4:14  SCV  
  42  4:18  SCV  
  42  4:19  Siege Tank  
  42  4:20  Bunker  
  46  4:24  Stimpack  
  46  4:30  Missile Turret  
  46  4:39  Supply Depot  
  46  4:48  Supply Depot  
  46  4:50  Supply Depot  
  46  5:00  Marine x2, SCV x2, Raven  
  46  5:02  Marine x2  
  54  5:10  Siege Tank  
  54  5:12  SCV x2  
  59  5:14  Barracks  
  59  5:18  Marine x2  
  59  5:19  Supply Depot  
  61  5:21  Missile Turret, Supply Depot  
  61  5:22  Terran Infantry Weapons Level 1  
  61  5:24  SCV  
  61  5:25  SCV  
  61  5:26  Marine, Marauder  
  66  5:36  Marine  
  66  5:37  SCV x2  
  69  5:45  Marauder  
  69  5:49  SCV  
  72  5:50  Marine, Marauder  
  72  5:53  Marine  
  72  5:56  SCV  
  77  6:06  Marauder  
  77  6:07  Marine  
  80  6:11  Marine x2  
  73  6:27  Marauder  
  72  6:39  Marine  
  72  6:40  Marine x2  
  72  6:41  Starport Reactor  
  72  6:43  Barracks Reactor  
  72  6:44  Siege Tank  
  78  6:48  Marine  
  78  6:53  Command Center  
  79  6:54  Engineering Bay  
  79  6:57  Marine, Barracks x3  
  79  6:58  Marine, Marauder, Supply Depot  
  79  6:59  Supply Depot  
  79  7:00  Armory, SCV x2  
  85  7:03  Refinery  
  85  7:05  Refinery  
  85  7:08  Combat Shield  
  85  7:11  Marine  
  86  7:20  Marine x2, Marauder, SCV x2  
  92  7:24  Marine  
  95  7:30  Marine, Marauder  
  95  7:32  SCV x2  
  98  7:37  Marine x2  
  98  7:40  Medivac  
  102  7:49  Terran Infantry Armor Level 1  
  102  7:50  Concussive Shells  
  102  8:05  Medivac, Marine x5, SCV x2  
  111  8:06  Orbital Command  
  111  8:08  Missile Turret  
  111  8:16  Marine x2  
  111  8:17  Medivac  
  115  8:24  Barracks Reactor x2  
  115  8:25  Barracks Tech Lab  
  115  8:30  Missile Turret  
  115  8:31  Marine x2  
  117  8:51  Missile Turret  
  117  8:59  Marine  
  117  9:08  Marine x3  
  117  9:18  Siege Tank  
  117  9:19  Marine x3  
  117  9:20  Marauder  
  102  9:25  Marine x2  
  102  9:26  Marauder  
  86  9:35  Orbital Command  
  86  9:37  Marine x2  
  79  9:38  Marine  
  79  9:39  Marine x2  
  79  9:40  Medivac x2, Marine  
  79  9:43  Marine  
  79  9:44  Marauder  
  90  9:47  Marine  
  90  9:48  Terran Infantry Weapons Level 2, SCV  
  90  9:50  Siege Tank  
  95  9:55  Marine  
  95  9:56  Marine  
  95  9:57  Marine x3  
  95  9:59  Marauder  
  102  10:05  Marauder  
  104  10:10  Supply Depot  
  104  10:16  Ghost Academy  
  104  10:17  Barracks x2  
  104  10:18  Barracks  
  104  10:23  SCV x2, Siege Tank  
  104  10:26  Marine  
  104  10:27  Marine x4  
  104  10:28  Marauder  
  116  10:30  Marine  
  116  10:31  Marine  
  116  10:32  Medivac, Marauder  
  116  10:33  Medivac, Factory  
  124  10:36  Refinery  
  124  10:37  Refinery  
  124  10:38  SCV  
  125  10:48  Terran Infantry Armor Level 2  
  125  10:53  Supply Depot  
  125  10:55  Supply Depot  
  125  10:57  Supply Depot x2  
  125  11:02  Command Center  
  125  11:14  Marine x4, SCV, Siege Tank  
  125  11:17  Marine x6, SCV x2  
  125  11:18  Marine  
  141  11:19  Marauder  
  141  11:24  Factory Tech Lab  
  144  11:26  SCV  
  144  11:29  SCV  
  144  11:32  Marine x4  
  128  11:34  Marine x2  
  128  11:35  Marine, Marauder  
  112  11:44  Marine x4  
  97  11:50  Marine x4  
  97  11:52  Marine x2  
  87  12:13  Marine x2  
  87  12:14  Marine x3, Marauder  
  74  12:30  SCV  
  74  12:31  Marine x5  
  80  12:49  Marine  
  74  13:08  Marine x2  
  74  13:11  Command Center  
  76  13:23  Refinery  
  76  13:43  Marine x3  
  81  13:51  Command Center  
  84  14:02  Siege Tank  
  82  14:15  Personal Cloaking  
  84  14:27  Planetary Fortress  
  84  14:45  Unknown  
  84  14:50  Siege Tank x2  
  90  15:03  Barracks Tech Lab  
  90  15:07  Missile Turret  
  90  15:22  Siege Tank  
  92  15:39  Command Center  
  94  15:47  Marauder x2  
  94  15:48  Marauder  
  67  16:05  Marine, Unknown  
Show
View Real Time Build Order
Export as new Build Order

JamZ Protoss - Winner!

Build Orders: Blink Stalkers 

Get SALT Encoding   

  12  0:00  Probe  
  13  0:12  Probe  
  14  0:19  Pylon  
  14  0:26  Probe  
  15  0:42  Probe, Gateway  
  15  0:48  Assimilator  
  16  0:50  Probe  
  17  1:05  Probe  
  18  1:17  Probe  
  19  1:29  Cybernetics Core, Probe  
  20  1:44  Probe  
  20  1:46  Assimilator  
  21  1:49  Nexus  
  21  1:58  Adept  
  22  2:05  Pylon  
  23  2:10  Warp Gate  
  23  2:19  Stalker  
  23  2:24  Probe  
  26  2:39  Twilight Council  
  26  2:40  Probe  
  26  2:56  Stalker  
  26  3:03  Blink  
  26  3:11  Probe x2  
  30  3:19  Robotics Facility  
  30  3:28  Gateway  
  30  3:32  Probe  
  31  3:34  Gateway  
  31  3:41  Probe  
  31  3:44  Probe  
  33  3:54  Gateway  
  33  3:57  Probe x2  
  35  4:03  Stalker  
  35  4:09  Pylon  
  37  4:13  Observer  
  37  4:15  Probe x2  
  40  4:21  Pylon  
  40  4:24  Stalker  
  40  4:29  Stalker  
  44  4:39  Warp Prism  
  46  4:46  Stalker  
  46  4:49  Probe  
  46  4:50  Probe  
  50  4:57  Stalker  
  52  5:00  Stalker  
  52  5:05  Stalker  
  56  5:20  Observer  
  57  5:24  Shield Battery  
  57  5:26  Shield Battery  
  57  5:28  Probe x2  
  59  5:31  Pylon  
  59  5:33  Pylon  
  59  5:44  Stalker  
  57  6:11  Stalker  
  57  6:12  Stalker x3  
  49  6:31  Probe x2  
  43  6:36  Assimilator  
  43  6:38  Stalker x3, Assimilator  
  43  6:39  Stalker  
  50  6:43  Probe  
  51  6:52  Nexus  
  51  6:56  Pylon  
  51  7:00  Templar Archives  
  51  7:05  Stalker  
  51  7:06  Zealot, Probe  
  51  7:07  Zealot x2, Probe  
  59  7:14  Probe  
  59  7:15  Probe  
  61  7:18  Charge  
  63  7:25  Probe x2, Gateway  
  63  7:26  Gateway  
  65  7:30  Psionic Storm  
  65  7:46  Forge, Zealot x2  
  69  7:52  Zealot  
  69  7:53  Zealot  
  69  7:58  Probe x2  
  75  8:02  Pylon  
  75  8:09  High Templar x2  
  75  8:10  Probe x2  
  81  8:13  Probe  
  81  8:16  Assimilator  
  82  8:20  Assimilator  
  82  8:22  Probe x2  
  82  8:24  High Templar, Protoss Ground Armor Level 1  
  82  8:25  Probe  
  82  8:26  Zealot  
  89  8:31  Zealot  
  89  8:32  High Templar  
  93  8:34  Probe x2  
  93  8:37  Probe  
  96  8:46  Probe x2  
  98  8:49  Probe  
  98  8:50  Zealot x3  
  98  8:53  High Templar  
  105  9:14  Zealot x2  
  105  9:22  Zealot x3  
  81  9:39  Probe x3, Immortal  
  83  9:47  Probe x2  
  89  9:53  Zealot  
  89  9:54  High Templar, Zealot x2  
  89  9:55  High Templar x2  
  89  9:58  Archon  
  101  10:00  Probe x2  
  101  10:01  Probe  
  104  10:07  Pylon  
  104  10:08  Pylon  
  104  10:11  Pylon  
  104  10:12  Probe  
  104  10:13  Pylon, Probe x2  
  107  10:18  High Templar  
  109  10:22  Pylon  
  109  10:25  Pylon  
  109  10:27  High Templar x2  
  109  10:28  High Templar x3  
  119  10:32  Archon x3  
  119  10:55  Nexus  
  119  10:59  Zealot  
  119  11:00  Zealot x5  
  119  11:01  Pylon  
  131  11:21  Zealot  
  131  11:22  Zealot x5  
  116  11:46  Zealot  
  116  11:47  Zealot x5  
  110  12:12  Stalker x6  
  86  12:43  Probe x3  
  87  12:45  Stalker x2  
  87  12:46  Stalker x2  
  87  12:49  Gateway  
  95  12:53  Gateway  
  95  12:55  Probe  
  95  12:56  Gateway  
  95  12:58  Gateway  
  96  13:05  Probe x2  
  98  13:07  Probe  
  98  13:08  Probe  
  100  13:14  Assimilator  
  100  13:15  Assimilator  
  100  13:17  Probe x2  
  100  13:19  Probe  
  101  13:20  High Templar  
  101  13:21  High Templar x3  
  109  13:33  Pylon  
  109  13:36  Pylon  
  109  13:37  Pylon  
  109  13:47  Pylon  
  109  13:49  Pylon  
  109  13:53  High Templar x7, Pylon  
  123  13:56  Pylon  
  123  13:57  Warp Prism, Archon  
  123  13:58  Archon x2  
  123  14:00  High Templar  
  125  14:04  Archon  
  127  14:15  Pylon  
  127  14:22  Forge  
  127  14:33  High Templar, Observer  
  127  14:34  High Templar x6  
  127  14:38  Archon x3  
  142  14:39  Nexus  
  142  14:40  High Templar  
  142  14:41  Pylon  
  142  14:42  Zealot x2  
  142  14:44  Assimilator  
  142  14:45  Archon  
  148  14:49  Assimilator  
  148  15:03  Zealot  
  148  15:04  Zealot  
  148  15:05  Zealot  
  148  15:06  Zealot x6  
  166  15:43  Zealot x4  
  166  15:44  Zealot x6  
  172  16:10  High Templar x4  
  172  16:11  High Templar x6  
  182  16:15  Archon x3  
  182  16:16  Archon x2  
Tags
 
Add a new tag
Caveats
  • Supply blocks, unpowered buildings, or Contaminate may cause inaccurate times.
  • Supply counts are checked every 10 seconds.